 Dungeon Crawl Stone Soup version 0.27.1-33-g824d729ab1 (webtiles) character file.

Game seed: 15156166323512305924

46 Destapler the Skirmisher (level 3, 0/33 HPs)
             Began as a Draconian Berserker on Dec 1, 2021.
             Was a Believer of Trog.
             Slain by an orc (5 damage)
             ... on level 3 of the Dungeon.
             The game lasted 00:02:35 (2061 turns).

Destapler the Skirmisher (Draconian Berserker)      Turns: 2061, Time: 00:02:35

Health: 0/33       AC:  6    Str: 19    XL:     3   Next: 44%
Magic:  3/3        EV:  9    Int:  7    God:    Trog [**....]
Gold:   58         SH:  7    Dex: 11    Spells: 2/2 levels left

rFire    . . .     SeeInvis .   a - +0 mace
rCold    . . .     Faith    .   n - +0 kite shield
rNeg     + . .     Spirit   .   (armour unavailable)
rPois    .         Reflect  .   (helmet restricted)
rElec    .         Harm     .   (no cloak)
rCorr    .         Rampage  .   (no gloves)
Will     .....                  f - +0 pair of boots
Stlth    +.........             (no amulet)
HPRegen  0.11/turn              o - ring of positive energy
MPRegen  0.08/turn              (no ring)

@: lethally poisoned (0 -> -1), on berserk cooldown, slowed, very slow
A: AC +5, unfitting armour, cold-blooded
a: Renounce Religion, Berserk, Trog's Hand


You were on level 3 of the Dungeon.
You worshipped Trog.
Trog was pleased with you.
You visited 1 branch of the dungeon, and saw 3 of its levels.

You collected 58 gold pieces.

Inventory:

Hand Weapons
 a - a +0 mace (weapon)
 g - a +0 dagger of venom
Armour
 f - a +0 pair of boots (worn)
 n - a +0 kite shield (worn)
Jewellery
 o - a ring of positive energy (left hand)
Scrolls
 e - 4 scrolls of identify {unknown}
 h - a scroll of noise {unknown}
 i - a scroll of fear {unknown}
 j - a scroll of enchant weapon {unknown}
Potions
 b - a potion of berserk rage {unknown}
 c - a potion of resistance {unknown}
 d - a potion of might {unknown}
 k - a potion of heal wounds {unknown}
 l - a potion of brilliance {unknown}
 m - a potion of curing {unknown}


   Skills:
 + Level 3.9 Fighting
 + Level 3.5 Maces & Flails
 + Level 3.2 Dodging


You had 2 spell levels left.
You didn't know any spells.
Your spell library contained the following spells:

 Spells                   Type           Power      Damage    Failure   Level
 Ensorcelled Hibernation  Hex/Ice        0%         N/A       99%         2
 Spider Form              Tmut/Pois      0%         N/A       100%        3
 Shadow Creatures         Summ           N/A        N/A       100%        6


Dungeon Overview and Level Annotations

Branches:
Dungeon (3/15)

Altars:


Innate Abilities, Weirdness & Mutations

Your plain brown scales are hard. (AC +5)
You cannot fit into any form of body armour.
You are cold-blooded and may be slowed by cold attacks.


Message History

a +0 short sword; a +0 flail; an orc corpse You sock the orc priest!
The orc priest is severely wounded.
The adder bites you but does no damage.
The orc priest miscasts a cantrip.
The orc hits you but does no damage.
You barely miss the orc priest.
The orc priest is severely wounded.
The adder bites you but does no damage. You block the orc's attack.
The hobgoblin closely misses you. The orc priest completely misses you.
The orc barely misses you.
Unknown command.
You closely miss the orc priest.
The orc priest is severely wounded.
The adder barely misses you. The orc barely misses you.
The hobgoblin barely misses you. The adder bites you but does no damage.
The orc priest closely misses you. The orc hits you with a +0 club.
* * * LOW HITPOINT WARNING * * *
You hit the orc priest.
The orc priest is almost dead.
You are no longer berserk.
You are exhausted.
You feel yourself slow down. The orc closely misses you.
The hobgoblin hits you but does no damage.
The adder bites you.
* * * LOW HITPOINT WARNING * * *
You are poisoned.
The adder poisons you! You block the orc priest's attack.
The orc barely misses you.
You hit the orc priest.
You kill the orc priest!
Trog accepts your kill.
You can now call upon Trog for regeneration and willpower.
You feel very sick. You block the adder's attack. The orc closely misses you.
The hobgoblin hits you but does no damage.
The adder closely misses you. The orc hits you with a +0 club.
* * * LOW HITPOINT WARNING * * *
The hobgoblin barely misses you. The orc hits you with a +0 flail.
You die...

#...........
#..........
.........
.......
#..... #....
..####.)o#
.......S@#
.####.go#
#...# #...#
#####


You could see an adder, 2 orcs and a hobgoblin.

Vanquished Creatures
  An orc priest (D:3)
  2 adders (D:2)
  A dart slug (D:2)
  2 orcs (D:3)
  A bat (D:2)
  An endoplasm (D:1)
  A giant cockroach (D:2)
  3 goblins (D:1)
  4 jackals (D:2)
  A kobold (D:2)
  A quokka (D:1)
  3 frilled lizards (D:1)
  4 rats
25 creatures vanquished.

Notes
Turn   | Place    | Note
-------+----------+-------------------------------------------
     0 | D:1      | Destapler the Draconian Berserker began the quest for the
                  | Orb.
     0 | D:1      | Reached XP level 1. HP: 19/19 MP: 1/1
   325 | D:1      | Found a faded altar of an unknown god.
   454 | D:1      | Reached XP level 2. HP: 26/26 MP: 2/2
  1525 | D:2      | Reached XP level 3. HP: 33/33 MP: 3/3
  2061 | D:3      | Reached ** piety under Trog
  2061 | D:3      | Slain by an orc

Illustrated notes

Levels and vault maps discovered:
D:1:      dpeg_arrival_rhombus, layout_basic, ebering_ecumenical_altar_mist,
          minmay_close_crescents
D:2:      minmay_evil_eye, layout_basic
D:3:      layout_basic

Skill      XL: |  1  2 |
---------------+-------+-----
Dodging        | 3 |  3.2
Fighting       | |  3.9
Maces & Flails | |  3.5

Action                   || total
-------------------------++-------
Melee: Mace              ||   102
       Tailslap          ||     6
Invok: Berserk           ||     2
 Stab: Sleeping          ||     1
Armor: Skin              ||    63
Dodge: Dodged            ||    83
Block: Kite shield       ||    20
